 Dungeon Crawl Stone Soup version 0.30.1-11-g7821555f0a (webtiles) character file.

Game seed: 4846680572789276439

103196 Peloso the Peltast (level 15, -2/143 HPs)
             Began as a Minotaur Fighter on Dec 5, 2023.
             Was a High Priest of Okawaru.
             Succumbed to a naga's splash of poison
             ... on level 1 of the Snake Pit.
             The game lasted 01:02:23 (31010 turns).

Peloso the Peltast (Minotaur Fighter)              Turns: 31010, Time: 01:02:24

Health: -2/143     AC: 37    Str: 24    XL:     15   Next: 88%
Magic:  15/15      EV:  6    Int:  5    God:    Okawaru [*****.]
Gold:   2166       SH: 18    Dex: 20    Spells: 14/14 levels left

rFire   + + .        c - +1 scimitar (flame)
rCold   + . .        d - +2 kite shield {reflect}
rNeg    . . .        i - +5 crystal plate armour of the Tired Nightingales {Fly rC+}
rPois   .            y - +2 hat
rElec   .            z - +1 cloak {rF+}
rCorr   .            A - +1 pair of gloves
SInv    .            (no boots)
Will    +....        (no amulet)
Stlth   x              - +6 ring of dexterity
HPRegen 0.43/turn    E - ring of protection from fire
MPRegen 0.14/turn

%: reflection
@: lethally poisoned (-2 -> -27), flying, slowed, very slow
A: horns 2, retaliatory headbutt
a: Renounce Religion, Heroism, Finesse, Duel


You were on level 1 of the Snake Pit.
You worshipped Okawaru.
Okawaru was extremely pleased with you.
You visited 5 branches of the dungeon, and saw 24 of its levels.
You also visited: Sewer and Volcano.

You collected 2418 gold pieces.
You spent 252 gold pieces at shops.

Inventory:

Hand Weapons
 a - a +3 long sword of flaming
 b - a +4 long sword
 c - a +1 scimitar of flaming (weapon)
Armour
 d - a +2 kite shield of reflection (worn)
 i - the +5 crystal plate armour of the Tired Nightingales (worn) {Fly rC+}
   (You found it in a sewer)

   rC:        It protects you from cold.
   Fly:       It grants you flight.
 y - a +2 hat (worn)
 z - a +1 cloak of fire resistance (worn)
 A - a +1 pair of gloves (worn)
Jewellery
 x - a +6 ring of dexterity (left hand)
 C - a ring of ice
 E - a ring of protection from fire (right hand)
Wands
 p - a wand of digging (1)
Scrolls
 g - 3 scrolls of immolation
 m - 5 scrolls of fog
 n - a scroll of identify
 s - 2 scrolls of poison
 P - 2 scrolls of blinking
 R - 2 scrolls of magic mapping
 V - a scroll of teleportation
Potions
 f - 2 potions of lignification
 j - 3 potions of heal wounds
 l - 3 potions of flight
 q - 5 potions of haste
 r - a potion of invisibility
 B - 3 potions of might
 H - 2 potions of cancellation
 J - 9 potions of curing
 Q - a potion of berserk rage


   Skills:
 + Level 15.6 Fighting
 + Level 17.4 Long Blades
 + Level 16.8 Armour
 + Level 1.8 Dodging
 + Level 0.2 Stealth
 + Level 19.2 Shields
 + Level 1.7 Invocations
 + Level 1.5 Evocations


You had 14 spell levels left.
You didn't know any spells.
Your spell library contained the following spells:

 Spells                   Type           Power      Damage    Failure   Level
 Sandblast                Erth           0%         2d4       100%        1
 Cigotuvi's Dreadful Rot  Necr/Pois/Air  0%         N/A       100%        2
 Passwall                 Tmut/Erth      0%         N/A       100%        2
 Ozocubu's Armour         Ice            0%         N/A       100%        3
 Portal Projectile        Hex/Tloc       0%         N/A       100%        3
 Stone Arrow              Conj/Erth      0%         3d7       100%        3
 Dispel Undead            Necr           0%         3d6       100%        4
 Olgreb's Toxic Radiance  Pois           0%         N/A       100%        4
 Passage of Golubria      Tloc           0%         N/A       100%        4
 Blade Hands              Tmut           0%         N/A       100%        5
 Iskenderun's Battlesphe  Conj           0%         2d6       100%        5
 Metabolic Englaciation   Hex/Ice        0%         N/A       100%        5
 Yara's Violent Unravell  Hex/Tmut       0%         3d3       100%        5
 Conjure Ball Lightning   Conj/Air       0%         3x3d6     100%        6
 Iron Shot                Conj/Erth      0%         9d1       100%        6
 Discord                  Hex            0%         N/A       100%        8
 Disjunction              Tloc           0%         N/A       100%        8
 Ignition                 Fire           0%         3d3       100%        8
 Tukima's Dance           Hex            Unusable   N/A       N/A         3
 Death Channel            Necr           Unusable   N/A       N/A         6
 Simulacrum               Ice/Necr       Unusable   N/A       N/A         6
 Spellforged Servitor     Conj/Summ      Unusable   N/A       N/A         7

Dungeon Overview and Level Annotations

Branches:
Dungeon (15/15)            Temple (1/1) D:5            Lair (5/5) D:9
  Swamp (0/4) Lair:3        Snake (1/4) Lair:3        Slime (0/5) Lair:5
    Orc (2/2) D:9             Elf (0/3) Orc:2        Vaults (0/5) D:14
 Depths (0/4) D:15          Sewer (visited)         Volcano (visited)

Altars:
Ashenzari
Cheibriados
Fedhas
Gozag
Hepliaklqana
Makhleb
Nemelex Xobeh
Okawaru
Qazlal
Ru
Sif Muna
Trog
Vehumet
Wu Jian
Xom
Yredelemnul
The Shining One

Shops:
D:15 ?   Orc:2 [:*(

Portals:
Ice
Cave: Snake:1

Annotations:
D:14 Casa


Innate Abilities, Weirdness & Mutations

You have a pair of horns on your head.
You reflexively headbutt those who attack you in melee.


Message History

The naga warrior hits you but does no damage.
The anaconda grabs you.
The anaconda bites you but does no damage.
The anaconda constricts you.
The anaconda's grasp on you weakens, but your attempt to escape fails.
You feel extremely sick.
The naga mage points at you and mumbles some strange words.
The bolt of poison hits the naga.
The bolt of poison hits you but does no damage.
You are lethally poisoned!
You block the anaconda's attack. The anaconda constricts you.
You block the naga mage's attack.
The naga warrior hits you from afar with a +0 trident!
* * * LOW HITPOINT WARNING * * *
The anaconda bites you but does no damage.
The anaconda constricts you.
The naga mage hits you but does no damage.
The naga warrior hits you but does no damage.
The anaconda bites you but does no damage.
The anaconda constricts you.
You escape the anaconda's grasp.
Found 22 gold pieces.
* * * LOW HITPOINT WARNING * * *
You feel extremely sick. You block the naga warrior's attack.
You block the anaconda's attack. x2
Unknown command.
The anaconda attacks as you move away! The anaconda barely misses you.
* * * LOW HITPOINT WARNING * * *
You feel extremely sick. The naga spits poison at you.
Your +2 kite shield of reflection blocks the splash of poison... and reflects it back!
The splash of poison hits the naga.
The naga completely resists.
You block the anaconda's attack.
The anaconda bites you but does no damage.
The naga spits poison at you.
The splash of poison hits you but does no damage.
You are more poisoned.
The naga mage points at the naga mage and mumbles some strange words.
The naga mage seems to grow toxic.
There is a frozen archway here.
You die...

*,,~~,,,,,**,#.##...#...
*,,*,,.###...#........##
#,,,,,...............##
**#.,####...#.#[...###.#
*,...#........#^$.,* #.#
*,................,* #.# *
*,.......#.....#*#####.##*
**#.....#N#N...###......#*
***,,#.@S#N.....N......>
*#$.#.#NN.............
##..#..#).....####...
##...#####.......... #####
#....#..... ##...#,....
#...#,,... ##...#,*,,
*...#,,,*


You could see a naga warrior (curare), an anaconda, 2 naga magi and a naga
(strong, catching breath).

Vanquished Creatures
  Rupert (D:14)
  Gastronok (D:9)
  Kirke (Snake:1)
  Donald (Orc:2)
  An orc warlord (Orc:1)
  An ironbound preserver (D:14)
  2 dire elephants
  A catoblepas (Lair:5)
  6 hydras
  5 boulder beetles
  3 centaur warriors
  An anaconda (Snake:1)
  2 ghost crabs (Lair:3)
  6 two-headed ogres
  3 tengu warriors (D:14)
  A deep troll shaman (Lair:5)
  22 death yaks
  An orc high priest (Orc:2)
  A shock serpent (Snake:1)
  A hell knight (Volcano)
  A sun demon (Volcano)
  A skyshark (Lair:4)
  2 spectral hydras (Lair:3)
  5 skeletal warriors (D:14)
  2 deep elf pyromancers
  5 orc knights
  A wolf spider (D:15)
  A manticore (D:11)
  5 cyclopes
  14 ugly things
  2 salamanders
  4 orc sorcerers
  23 elephants
  An ice statue (D:9)
  Psyche (D:7)
  Maggie (D:7)
  3 black mambas
  10 cane toads
  2 gargoyles
  A kobold demonologist (D:12)
  An unseen horror (D:12)
  3 rime drakes
  5 komodo dragons
  A freezing wraith (D:14)
  2 tengu conjurers
  2 red devils (Volcano)
  A polar bear (Lair:3)
  11 trolls
  Grinder (D:3)
  2 hornets
  3 blink frogs
  6 dream sheep (Lair:5)
  A spectral black mamba (Lair:3)
  16 slime creatures
  2 wyverns
  2 vampires
  A shadow (D:10)
  46 yaks
  3 basilisks
  3 wraiths
  3 hogs (Snake:1)
  A human (Snake:1)
  Menkaure (D:7)
  4 steam dragons
  12 vampire mosquitoes
  A spectral cane toad (Lair:3)
  2 wargs
  3 acid dragons
  16 water moccasins
  2 ice beasts
  6 black bears
  27 orc warriors
  3 boggarts (D:15)
  6 centaurs
  8 ogres
  An ogre (shapeshifter) (D:15)
  A spectral rime drake (Lair:3)
  7 wolves
  9 kobold brigands
  A spectral basilisk (Lair:3)
  9 bullfrogs
  9 gnoll sergeants
  3 scorpions
  6 wights
  3 killer bees (D:8)
  A howler monkey (D:8)
  2 jellies (D:5)
  15 orc priests
  A gnoll bouda (D:8)
  4 hounds
  Crazy Yiuf (D:7)
  An iguana (D:7)
  21 orc wizards
  4 hell rats (Lair:3)
  A mummy (D:11)
  14 gnolls
  14 adders
  A shadow imp (D:8)
  2 white imps
  An ufetubus (D:5)
  A worm (D:5)
  82 orcs
  5 endoplasms
  10 giant cockroaches
  7 goblins
  9 hobgoblins
  21 kobolds
  8 quokkas
  8 ball pythons
  4 bats (D:1)
  13 frilled lizards
  2 goblin skeletons (D:8)
  A goblin zombie (D:8)
  2 hobgoblin zombies (D:8)
  3 kobold skeletons (D:8)
  A kobold zombie (D:8)
  2 orc skeletons (D:8)
  An orc zombie (D:8)
  11 rats
676 creatures vanquished.

Vanquished Creatures (others)
  A manticore (D:14)
  An orc wizard (Orc:2)
2 creatures vanquished.

Grand Total: 678 creatures vanquished

Notes
Turn   | Place    | Note
-------+----------+-------------------------------------------
     0 | D:1      | Peloso the Minotaur Fighter began the quest for the Orb.
     0 | D:1      | Reached XP level 1. HP: 19/19 MP: 0/0
   312 | D:1      | Reached XP level 2. HP: 27/27 MP: 1/1
   823 | D:2      | Reached skill level 4 in Shields
   823 | D:2      | Reached XP level 3. HP: 33/33 MP: 2/2
  1785 | D:3      | Reached XP level 4. HP: 27/40 MP: 3/3
  1826 | D:3      | Found a faded altar of an unknown god.
  1926 | D:3      | Noticed Grinder
  1941 | D:3      | Paralysed by Grinder for 5 turns
  1952 | D:3      | Killed Grinder
  1953 | D:3      | Reached skill level 5 in Long Blades
  1953 | D:3      | Reached skill level 5 in Armour
  1953 | D:3      | Reached skill level 1 in Dodging
  1953 | D:3      | Reached XP level 5. HP: 32/47 MP: 4/4
  1953 | D:3      | Reached XP level 6. HP: 36/53 MP: 5/5
  1962 | D:3      | Found a glowing drain.
  1971 | Sewer    | Entered a sewer
  2291 | Sewer    | Identified the +5 crystal plate armour of the Tired
                  | Nightingales {Fly rC+}
  3416 | D:4      | Reached XP level 7. HP: 52/60 MP: 6/6
  3467 | D:4      | Reached skill level 5 in Fighting
  3698 | D:5      | Entered Level 5 of the Dungeon
  3825 | D:5      | Identified the +1 war axe "Killer Klown's Regret" {freeze,
                  | Fly rN+}
  4114 | D:5      | Reached skill level 5 in Shields
  4282 | D:5      | Found a sacrificial altar of Ru.
  4398 | D:5      | Found a staircase to the Ecumenical Temple.
  4454 | Temple   | Entered the Ecumenical Temple
  4476 | Temple   | Became a worshipper of Warmaster Okawaru
  4703 | D:6      | Reached XP level 8. HP: 50/69 MP: 7/7
  5133 | D:6      | Reached * piety under Okawaru
  5706 | D:7      | Noticed Maggie
  5721 | D:7      | Reached skill level 6 in Shields
  5726 | D:7      | HP: 2/71 [Maggie/+2 long sword of flaming (2)]
  5745 | D:7      | HP: 1/71 [Maggie/+2 long sword of flaming (3)]
  5751 | D:7      | Killed Maggie
  5752 | D:7      | Reached XP level 9. HP: 12/78 MP: 8/8
  5987 | D:7      | Found a runed translucent door.
  5988 | D:7      | Noticed Crazy Yiuf
  6243 | D:7      | Paralysed by a hornet for 3 turns
  6252 | D:7      | HP: 3/78 [poisoned by a hornet]
  6666 | D:7      | Reached ** piety under Okawaru
  6680 | D:7      | Reached skill level 10 in Long Blades
  6733 | D:7      | Paralysed by a hornet for 3 turns
  6845 | D:7      | Noticed Menkaure
  6855 | D:7      | Killed Menkaure
  7177 | D:7      | Killed Crazy Yiuf
  7365 | D:8      | Reached skill level 7 in Shields
  7368 | D:8      | Reached *** piety under Okawaru
  7571 | D:8      | Found a glowing golden altar of the Shining One.
  7576 | D:8      | Noticed Psyche
  7640 | D:7      | Killed Psyche
  7641 | D:7      | Reached XP level 10. HP: 69/88 MP: 9/9
  7917 | D:8      | Reached skill level 10 in Armour
  8306 | D:9      | Noticed an ice statue
  8329 | D:9      | Noticed Gastronok
  8348 | D:9      | Killed Gastronok
  8348 | D:9      | Reached **** piety under Okawaru
  8349 | D:9      | Reached skill level 8 in Shields
  8593 | D:9      | Reached skill level 9 in Shields
  8646 | D:9      | Identified the +0 leather armour of the Guardian {rC+ rN+
                  | Int+3 SInv}
  8753 | D:9      | Reached ***** piety under Okawaru
  8961 | D:9      | Reached XP level 11. HP: 85/97 MP: 10/10
  9150 | D:9      | Found a staircase to the Lair.
  9216 | D:9      | Found a staircase to the Orcish Mines.
  9406 | D:10     | Entered Level 10 of the Dungeon
  9442 | D:10     | Noticed a two-headed ogre
  9449 | D:10     | Killed a two-headed ogre
  9449 | D:10     | Received a gift from Okawaru
  9554 | D:10     | Reached skill level 10 in Shields
 10378 | D:11     | Identified the +0 chain mail of the Big Bang {rElec}
 10669 | D:11     | You are sucked into a shaft and drop 2 floors!
 10673 | D:13     | Noticed a centaur warrior
 10683 | D:13     | Killed a centaur warrior
 11004 | D:12     | Reached skill level 11 in Shields
 11342 | D:12     | Noticed a two-headed ogre
 11350 | D:12     | Killed a two-headed ogre
 11393 | D:12     | Reached ****** piety under Okawaru
 11393 | D:12     | Identified the +0 chain mail "Boynywou" {rN+ Regen+}
                  | (Okawaru gifted it to you on level 12 of the Dungeon)
 11393 | D:12     | Received a gift from Okawaru
 11428 | D:12     | Noticed a two-headed ogre
 11438 | D:12     | Killed a two-headed ogre
 11439 | D:12     | Reached skill level 10 in Fighting
 11672 | D:12     | Noticed a brown ugly thing
 11687 | D:12     | Killed a brown ugly thing
 11847 | D:12     | Reached skill level 12 in Shields
 12101 | D:12     | Reached XP level 12. HP: 106/106 MP: 11/11
 12268 | D:12     | Noticed a boulder beetle
 12418 | D:12     | Killed a boulder beetle
 12578 | D:11     | Noticed a two-headed ogre
 12587 | D:11     | Killed a two-headed ogre
 12641 | D:11     | Found a snail-covered altar of Cheibriados.
 13133 | Lair:1   | Entered Level 1 of the Lair of Beasts
 13133 | Lair:1   | Noticed a boulder beetle
 13219 | Lair:1   | Killed a boulder beetle
 13308 | Lair:1   | Reached skill level 13 in Shields
 13343 | Lair:1   | Reached skill level 1 in Evocations
 13409 | Lair:1   | Reached skill level 1 in Invocations
 13415 | Lair:1   | Received a gift from Okawaru
 13439 | Lair:1   | Reached skill level 15 in Long Blades
 13566 | Lair:1   | Found a dark tunnel.
 13574 | Volcano  | Entered a volcano
 13626 | Volcano  | Reached skill level 14 in Shields
 13631 | Volcano  | Reached XP level 13. HP: 92/116 MP: 10/12
 14440 | Lair:2   | Found a basalt altar of Yredelemnul.
 14747 | Lair:2   | Received a gift from Okawaru
 15533 | Lair:3   | Found a staircase to the Snake Pit.
 16121 | Lair:3   | Found a staircase to the Swamp.
 16138 | Lair:3   | Reached skill level 15 in Shields
 16397 | Lair:3   | Received a gift from Okawaru
 18757 | Orc:1    | Entered Level 1 of the Orcish Mines
 18783 | Orc:1    | Found Luylug's Antique Armour Emporium.
 18995 | Orc:2    | Entered Level 2 of the Orcish Mines
 19016 | Orc:2    | Noticed Donald
 19034 | Orc:2    | Killed Donald
 19035 | Orc:2    | Found a staircase to the Elven Halls.
 19373 | Orc:2    | Noticed an orc warlord
 19439 | Orc:1    | Killed an orc warlord
 19440 | Orc:1    | Reached XP level 14. HP: 25/129 MP: 13/13
 19875 | Orc:2    | Paralysed by an orc sorcerer for 5 turns
 20156 | Orc:2    | Reached skill level 15 in Armour
 20483 | Orc:2    | Reached skill level 16 in Shields
 20744 | Orc:2    | Found Sock's Antique Weapon Shop.
 20755 | Orc:2    | Found Kimaugei's Book Shop.
 20959 | Orc:2    | Found Giherei's General Store.
 21015 | Orc:2    | Found Pokhlorph's Antique Armour Shop.
 21173 | Orc:1    | Identified the +0 plate armour "Wut Siki" {Contam rN+ Will+
                  | Int+4} (Okawaru gifted it to you on level 1 of the Orcish
                  | Mines)
 21173 | Orc:1    | Received a gift from Okawaru
 21484 | Orc:1    | Found a shimmering altar of Xom.
 22838 | Lair:4   | Reached skill level 17 in Shields
 22853 | Lair:4   | Identified the +10 dagger of Trial by Ordeal {flame, rElec
                  | rPois Dex+3 Stlth-}
 23930 | Lair:5   | Entered Level 5 of the Lair of Beasts
 24789 | Lair:5   | Found a staircase to the Slime Pits.
 24853 | Lair:5   | Identified the +3 buckler of Broken Taboos {Contam Regen+
                  | Int+4 Slay+3} (Okawaru gifted it to you on level 5 of the
                  | Lair of Beasts)
 24853 | Lair:5   | Received a gift from Okawaru
 24860 | Lair:5   | Reached XP level 15. HP: 130/139 MP: 15/15
 26005 | D:14     | Reached skill level 18 in Shields
 26454 | D:14     | Noticed Rupert
 26562 | D:14     | Killed Rupert
 26635 | D:14     | Reached skill level 15 in Fighting
 26880 | D:14     | HP: 5/141 [freezing wraith (9)]
 27352 | D:14     | Received a gift from Okawaru
 28285 | D:14     | Found a gate to the Vaults.
 28335 | D:15     | Entered Level 15 of the Dungeon
 28608 | D:15     | Reached skill level 19 in Shields
 29017 | D:15     | Found Gymitoqa's Magic Scroll Shoppe.
 29020 | D:15     | Bought a scroll of blinking for 105 gold pieces
 29020 | D:15     | Bought a scroll of teleportation for 42 gold pieces
 29020 | D:15     | Bought a scroll of magic mapping for 105 gold pieces
 29086 | D:15     | Found a staircase to the Depths.
 29215 | D:15     | Identified the +3 ring mail "Dureed" {rPois rF++ rC+ Dex-2}
 29343 | D:15     | Found a broken altar of Ashenzari.
 30862 | Snake:1  | Entered Level 1 of the Snake Pit
 30930 | Snake:1  | Noticed Kirke
 30949 | Snake:1  | Killed Kirke
 31003 | Snake:1  | Found a frozen archway.
 31009 | Snake:1  | HP: 7/143 [poisoned by a naga mage (bolt of poison)]
 31010 | Snake:1  | Succumbed to a naga's splash of poison

Illustrated notes

Levels and vault maps discovered:
D:1:      heliophobic_arrival_enchanted_forest, layout_loops_corners
D:2:      layout_basic
D:3:      layout_basic, ebering_ecumenical_altar_hall, portal_sewer_entry_a,
          uniq_grinder
D:4:      layout_basic
D:5:      layout_loops_ring, kennysheep_mini_moat, minmay_temple_entry_poolview
D:6:      layout_loops_cross
D:7:      layout_cave_pods, uniq_maggie, uniq_menkaure, uniq_crazy_yiuf_cottage
D:8:      layout_gridville, nicolae_tso_besieged_by_evil, uniq_psyche
D:9:      layout_cave_pools, grunt_lair_entry_orc_guard_hut,
          kennysheep_orc_monster_closet_entryway, minivault_16, uniq_gastronok
D:10:     layout_basic, hangedman_decor_peaks_small
D:11:     layout_roguey, chequers_jeans, slow_altar_1
D:12:     cheibrodos_orc_bank, layout_cave_pods, kennysheep_windowed_goal
D:13:     layout_stronghold
D:14:     layout_cave_pools, skrybe_vaults_entry_preservation, uniq_rupert
D:15:     hangedman_depths_entry_try_elsewhere_first, layout_basic,
          serial_shops, nicolae_shop_rolled_up, nicolae_titane,
          nicolae_ashenzari_panopticon
Temple:   nicolae_temple_bog_church
Lair:1:   layout_cave_pods, enter_volcano_2
Lair:2:   layout_regular_city, basic_altar
Lair:3:   layout_regular_city, nicolae_swamp_entry_spooky,
          minmay_snake_entry_six_corridors, serial_bayou_shore_a,
          lemuel_fruit_tree
Lair:4:   layout_gridlike
Lair:5:   grunt_lair_end_beastmaster, layout_regular_city,
          dpeg_slime_entry_enclosed
Snake:1:  layout_misc_corridors, portal_ice_cave_entry_pillars_2,
          nicolae_wooded_promenade, grunt_ministairs_7,
          nicolae_coiled_stairwell_down, uniq_aizul, uniq_kirke
Orc:1:    layout_caves, basic_altar, serial_shops,
          nicolae_shop_pleasant_corner_grove
Orc:2:    grunt_orc_cross, layout_caves, uniq_donald

Skill      XL: |  1  2  3  4  5  6  7  8  9 10 11 12 13 14 15 |
---------------+----------------------------------------------+-----
Long Blades    | 3 5 6 7 9 11 12 14 15 16 17 | 17.4
Shields        | 4 5 6 7 9 12 14 15 17 19 | 19.2
Armour         | 4 5 6 8 9 10 11 13 14 15 16 | 16.8
Fighting       | 4 5 6 8 9 10 11 13 14 15 | 15.6
Dodging        | 1 |  1.8
Evocations     | 1 |  1.5
Invocations    | 1 |  1.7
Stealth        | |  0.2

Action                     |  1- 3 |  4- 6 |  7- 9 | 10-12 | 13-15 || total
---------------------------+-------+-------+-------+-------+-------++-------
  Melee: Long sword        |    74 |   135 |   364 |   816 |    22 ||  1411
         Headbutt          |     7 |    17 |    75 |   219 |   458 ||   776
         Scimitar          |       |       |       |       |  1534 ||  1534
 Invoke: Heroism           |       |       |     1 |     7 |    17 ||    25
  Evoke: Wand              |       |       |     1 |     3 |    16 ||    20
    Use: Potion            |     3 |     1 |     4 |       |     5 ||    13
         Scroll            |     2 |     3 |     4 |     6 |    16 ||    31
 Armour: Scale mail        |    38 |    62 |       |       |       ||   100
         Crystal plate arm |       |    21 |   246 |   573 |  1081 ||  1921
  Dodge: Dodged            |    42 |    65 |    52 |   150 |   278 ||   587
         Repelled          |       |     1 |       |     2 |       ||     3
  Block: Buckler           |    21 |    29 |    23 |       |       ||    73
         Kite shield       |       |       |   112 |   630 |  1372 ||  2114
         Reflection        |       |       |       |       |    22 ||    22
